MLB
ST. LOUIS CARDINALS @ NEW YORK METS
06/12/2046
 
TOP OF THE 1ST
St. Louis Cardinals batting - Pitching for New York Mets : LHP Steve Kelly
Pitching: LHP Steve Kelly
Batting: RHB Nick Gentzel 0-0: Foul Ball, location: 2F
0-1: Foul Ball, location: 2F
0-2: Ball
1-2: Ball
2-2: Strikes out swinging
Batting: RHB Pavpv Ivanushkin 0-0: Ball
1-0: Ball
2-0: Ground out 1-3 (Groundball, P, EV 70.0 MPH)
Batting: SHB Antoine Roux 0-0: Ball
1-0: Ball
2-0: Ball
3-0: Called Strike
3-1: Base on Balls
Batting: RHB Eric Chotkowski 0-0: Foul Ball, location: 2F
0-1: DOUBLE (Line Drive, 5D, EV 96.9 MPH)
Antoine Roux to third
Runner from 3rd tries for Home, SAFE, throw by LF to trailing runner, SAFE at third!
Batting: SHB Hans Mikkelsen 0-0: Called Strike
0-1: Swinging Strike
0-2: Strikes out swinging
Top of the 1st over - 1 run, 1 hit, 0 errors, 1 left on base; St. Louis 1 - New York 0
BOTTOM OF THE 1ST
New York Mets batting - Pitching for St. Louis Cardinals : RHP Geoff Mooney
Pitching: RHP Geoff Mooney
Batting: SHB Nelle van den Berg 0-0: Called Strike
0-1: Swinging Strike
0-2: Ball
1-2: Ball
2-2: Ground out 1-3 (Groundball, 15S, EV 69.4 MPH)
Batting: LHB Kevin Bellman 0-0: Ball
1-0: Ball
2-0: Called Strike
2-1: Ball
3-1: Foul Ball, location: 2F
3-2: Base on Balls
Batting: SHB Gus Berry 0-0: Ball
Kevin Bellman steals 2nd, throwing error, E2
Kevin Bellman to third
1-0: Ball
2-0: Foul Ball, location: 2F
2-1: Called Strike
2-2: Ball
3-2: Base on Balls
Batting: SHB Jonathan Jenkins 0-0: Called Strike
0-1: 3-RUN HOME RUN (Flyball, 78XD, EV 101.9 MPH), Distance : 401 ft
Batting: RHB Jeff Jank 0-0: Ball
1-0: Ball
2-0: Called Strike
2-1: Fly out, F7 (Flyball, 7S, EV 86.9 MPH)
Batting: RHB Jesus Chavez 0-0: Hit by Pitch
Batting: SHB Jason Larson 0-0: Swinging Strike
0-1: Fly out, F8 (Flyball, 8RM, EV 84.4 MPH)
Bottom of the 1st over - 3 runs, 1 hit, 1 error, 1 left on base; St. Louis 1 - New York 3
TOP OF THE 2ND
St. Louis Cardinals batting - Pitching for New York Mets : LHP Steve Kelly
Batting: RHB Jordan Diaz 0-0: Called Strike
0-1: Fly out, F9 (Line Drive, 9S, EV 93.8 MPH)
Batting: RHB Dustin Clark 0-0: Ball
1-0: Foul Ball, location: 2F
1-1: Foul Ball, location: 2F
1-2: Ball
2-2: Foul Ball, location: 2F
2-2: Fly out, F7 (Flyball, 7LD, EV 94.4 MPH)
Batting: RHB Fabrice Bertin 0-0: Called Strike
0-1: Ball
1-1: Fly out, F9 (Flyball, 9, EV 78.1 MPH)
Top of the 2nd over - 0 runs, 0 hits, 0 errors, 0 left on base; St. Louis 1 - New York 3
BOTTOM OF THE 2ND
New York Mets batting - Pitching for St. Louis Cardinals : RHP Geoff Mooney
Batting: SHB Scott Bartholomew 0-0: Swinging Strike
0-1: TRIPLE (Line Drive, 89XD, EV 105.6 MPH)
Batting: RHB Jeff MacPhee 0-0: Ball
1-0: Ground out 3-1 (Groundball, 34, EV 80.6 MPH)
Scott Bartholomew scores
Batting: SHB Nelle van den Berg 0-0: Foul Ball, location: 2F
0-1: Ball
1-1: Ball
2-1: Foul Ball, location: 2F
2-2: Ball
3-2: Ground out U3 (Groundball, 3, EV 98.8 MPH)
Batting: LHB Kevin Bellman 0-0: Called Strike
0-1: Foul Ball, location: 2F
0-2: Ball
1-2: Strikes out swinging
Bottom of the 2nd over - 1 run, 1 hit, 0 errors, 0 left on base; St. Louis 1 - New York 4
TOP OF THE 3RD
St. Louis Cardinals batting - Pitching for New York Mets : LHP Steve Kelly
Batting: RHB Terry Baginski 0-0: Ball
1-0: Ground out 4-3 (Groundball, 4MS, EV 61.2 MPH)
Batting: RHB Nick Gentzel 0-0: Ball
1-0: Ball
2-0: Called Strike
2-1: SINGLE (Line Drive, 9LM, EV 110.0 MPH)
Batting: RHB Pavpv Ivanushkin 0-0: Ball
1-0: Called Strike
1-1: Swinging Strike
1-2: Fly out, F9 (Line Drive, 89S, EV 95.6 MPH)
Batting: SHB Antoine Roux 0-0: Ball
1-0: Called Strike
Nick Gentzel steals 2nd base
1-1: Foul Ball, location: 2F
1-2: Foul Ball, location: 2F
1-2: Foul Ball, location: 2F
1-2: Ground out 6-3 (Groundball, P, EV 81.2 MPH)
Top of the 3rd over - 0 runs, 1 hit, 0 errors, 1 left on base; St. Louis 1 - New York 4
BOTTOM OF THE 3RD
New York Mets batting - Pitching for St. Louis Cardinals : RHP Geoff Mooney
Batting: SHB Gus Berry 0-0: Ball
1-0: Ball
2-0: Foul Ball, location: 2F
2-1: SINGLE (Groundball, 6D, EV 94.4 MPH)
Batting: SHB Jonathan Jenkins 0-0: Ball
1-0: Ball
2-0: Called Strike
2-1: Grounds into double play, 4-6-3 (Groundball, 34, EV 86.2 MPH)
Batting: RHB Jeff Jank 0-0: Foul Ball, location: 2F
0-1: Fly out, F9 (Flyball, 9LS, EV 88.1 MPH)
Bottom of the 3rd over - 0 runs, 1 hit, 0 errors, 0 left on base; St. Louis 1 - New York 4
TOP OF THE 4TH
St. Louis Cardinals batting - Pitching for New York Mets : LHP Steve Kelly
Batting: RHB Eric Chotkowski 0-0: Ball
1-0: Ground out 2-3 (Groundball, 15S, EV 62.5 MPH)
Batting: SHB Hans Mikkelsen 0-0: Ground out 6-3 (Groundball, 6S, EV 82.5 MPH)
Batting: RHB Jordan Diaz 0-0: SOLO HOME RUN (Flyball, 7D, EV 98.8 MPH), Distance : 395 ft
Batting: RHB Dustin Clark 0-0: Called Strike
0-1: Ground out 6-3 (Groundball, 6, EV 83.1 MPH)
Top of the 4th over - 1 run, 1 hit, 0 errors, 0 left on base; St. Louis 2 - New York 4
BOTTOM OF THE 4TH
New York Mets batting - Pitching for St. Louis Cardinals : RHP Geoff Mooney
Batting: RHB Jesus Chavez 0-0: Ball
1-0: SINGLE (Line Drive, 6M, EV 106.2 MPH)
Batting: SHB Jason Larson 0-0: SINGLE (Groundball, 4MD, EV 110.0 MPH) (infield hit)
Jesus Chavez to second
Batting: SHB Scott Bartholomew 0-0: Fly out, F6 (Flyball, 56D, EV 86.2 MPH)
Batting: RHB Jeff MacPhee 0-0: Foul Ball, location: 2F
0-1: Reached on error, E3 (Groundball, 34, EV 101.2 MPH)
Jesus Chavez to third
Jason Larson to second
Batting: SHB Nelle van den Berg 0-0: Swinging Strike
0-1: Swinging Strike
0-2: Strikes out swinging
Batting: LHB Kevin Bellman 0-0: Ball
1-0: Called Strike
1-1: Ball
2-1: Ball
3-1: Fly out, F7 (Line Drive, 78M, EV 97.5 MPH)
Bottom of the 4th over - 0 runs, 2 hits, 1 error, 3 left on base; St. Louis 2 - New York 4
TOP OF THE 5TH
St. Louis Cardinals batting - Pitching for New York Mets : LHP Steve Kelly
Batting: RHB Fabrice Bertin 0-0: Foul Ball, location: 2F
0-1: Ball
1-1: Ground out 5-3 (Groundball, 56S, EV 63.8 MPH)
Batting: RHB Terry Baginski 0-0: Called Strike
0-1: Ball
1-1: Ground out 4-3 (Groundball, 34, EV 101.9 MPH)
Batting: RHB Nick Gentzel 0-0: Ball
1-0: Called Strike
1-1: Ball
2-1: Ball
3-1: DOUBLE (Flyball, 8RXD, EV 110.0 MPH)
Batting: RHB Pavpv Ivanushkin 0-0: Ball
1-0: Ball
2-0: Ball
3-0: Base on Balls
Batting: SHB Antoine Roux 0-0: Fly out, F4 (Line Drive, 4, EV 73.1 MPH)
Top of the 5th over - 0 runs, 1 hit, 0 errors, 2 left on base; St. Louis 2 - New York 4
BOTTOM OF THE 5TH
New York Mets batting - Pitching for St. Louis Cardinals : RHP Geoff Mooney
Batting: SHB Gus Berry 0-0: Ball
1-0: SINGLE (Groundball, 6MD, EV 103.1 MPH)
Batting: SHB Jonathan Jenkins 0-0: Ball
1-0: Foul Ball, location: 2F
1-1: Ball
2-1: Ball
3-1: Fly out, F4 (Popup, 4, EV 73.8 MPH)
Batting: RHB Jeff Jank 0-0: Fielders Choice at 2nd, 1-4 (Groundball, 15S, EV 75.6 MPH)
Batting: RHB Jesus Chavez 0-0: Ball
Jeff Jank is caught stealing 2nd base 2-4
Bottom of the 5th over - 0 runs, 1 hit, 0 errors, 0 left on base; St. Louis 2 - New York 4
TOP OF THE 6TH
St. Louis Cardinals batting - Pitching for New York Mets : LHP Steve Kelly
Batting: RHB Eric Chotkowski 0-0: Ball
1-0: Swinging Strike
1-1: Called Strike
1-2: Foul Ball, location: 2F
1-2: Foul Ball, location: 2F
1-2: Fly out, F7 (Flyball, 7LD, EV 79.4 MPH)
Batting: SHB Hans Mikkelsen 0-0: Ground out 5-3 (Groundball, 5, EV 104.4 MPH)
Batting: RHB Jordan Diaz 0-0: Called Strike
0-1: Ball
1-1: Fly out, F8 (Flyball, 8RXD, EV 91.2 MPH)
Top of the 6th over - 0 runs, 0 hits, 0 errors, 0 left on base; St. Louis 2 - New York 4
BOTTOM OF THE 6TH
New York Mets batting - Pitching for St. Louis Cardinals : RHP Geoff Mooney
Batting: RHB Jesus Chavez 0-0: Ground out 6-3 (Groundball, 4MS, EV 86.2 MPH)
Batting: SHB Jason Larson 0-0: Ball
1-0: Ball
2-0: Fly out, F9 (Flyball, 89S, EV 91.9 MPH)
Batting: SHB Scott Bartholomew 0-0: Ball
1-0: Ground out 4-3 (Groundball, 34, EV 92.5 MPH)
Bottom of the 6th over - 0 runs, 0 hits, 0 errors, 0 left on base; St. Louis 2 - New York 4
TOP OF THE 7TH
St. Louis Cardinals batting - Pitching for New York Mets : LHP Steve Kelly
Batting: RHB Dustin Clark 0-0: Ground out 1-3 (Groundball, 15S, EV 72.5 MPH)
Batting: RHB Fabrice Bertin 0-0: Ball
1-0: Called Strike
1-1: Called Strike
1-2: Ball
2-2: Ball
3-2: Foul Ball, location: 2F
3-2: Ground out 6-3 (Groundball, 6, EV 89.4 MPH)
Batting: RHB Terry Baginski 0-0: Called Strike
0-1: Ball
1-1: Swinging Strike
1-2: Ball
2-2: Foul Ball, location: 2F
2-2: Foul Ball, location: 2F
2-2: Ball
3-2: Strikes out swinging
Top of the 7th over - 0 runs, 0 hits, 0 errors, 0 left on base; St. Louis 2 - New York 4
BOTTOM OF THE 7TH
New York Mets batting - Pitching for St. Louis Cardinals : RHP Geoff Mooney
Batting: RHB Jeff MacPhee 0-0: Called Strike
0-1: Ball
1-1: Called Strike
1-2: Strikes out swinging
Batting: SHB Nelle van den Berg 0-0: Swinging Strike
0-1: Ball
1-1: Ball
2-1: Ball
3-1: Ground out 4-3 (Groundball, 4, EV 105.0 MPH)
Batting: LHB Kevin Bellman 0-0: Ball
1-0: Foul Ball, location: 2F
1-1: Foul Ball, location: 2F
1-2: Strikes out swinging
Bottom of the 7th over - 0 runs, 0 hits, 0 errors, 0 left on base; St. Louis 2 - New York 4
TOP OF THE 8TH
St. Louis Cardinals batting - Pitching for New York Mets : LHP Steve Kelly
Batting: RHB Nick Gentzel 0-0: Fly out, F5 (Popup, 56S, EV 83.8 MPH)
Batting: RHB Pavpv Ivanushkin 0-0: Ball
1-0: Ball
2-0: Swinging Strike
2-1: Foul Ball, location: 2F
2-2: Foul Ball, location: 2F
2-2: Ball
3-2: Foul Ball, location: 2F
3-2: Ground out 6-3 (Groundball, 56, EV 100.0 MPH)
Batting: SHB Antoine Roux 0-0: DOUBLE (Groundball, 3L, EV 107.5 MPH)
Pitching: LHP Xu-gang Zhou
Batting: RHB Eric Chotkowski 0-0: Ball
1-0: Called Strike
1-1: SINGLE (Groundball, 4MD, EV 95.0 MPH)
Antoine Roux to third
Runner from 3rd tries for Home, SAFE, throw by CF to home
Batting: SHB Hans Mikkelsen 0-0: Ball
1-0: Foul Ball, location: 2F
1-1: SINGLE (Groundball, 4MD, EV 96.2 MPH)
Eric Chotkowski to second
Runner from 2nd tries for 3rd, SAFE, throw by CF made to third
Batting: RHB Jordan Diaz 0-0: Called Strike
0-1: Ball
1-1: Ball
2-1: Foul Ball, location: 2F
2-2: Strikes out swinging
Top of the 8th over - 1 run, 3 hits, 0 errors, 2 left on base; St. Louis 3 - New York 4
BOTTOM OF THE 8TH
New York Mets batting - Pitching for St. Louis Cardinals : RHP Geoff Mooney
Batting: SHB Gus Berry 0-0: Ball
1-0: Ball
2-0: Foul Ball, location: 2F
2-1: Called Strike
2-2: SOLO HOME RUN (Flyball, 9D, EV 97.5 MPH), Distance : 389 ft
Pitching: LHP Nick Suggett
Batting: SHB Jonathan Jenkins 0-0: Ball
1-0: Foul Ball, location: 2F
1-1: Ball
2-1: Called Strike
2-2: Reached on error, E5 (Groundball, 56S, EV 68.1 MPH)
Batting: RHB Jeff Jank 0-0: Ball
1-0: Ball
2-0: Called Strike
2-1: SINGLE (Flyball, 34D, EV 92.5 MPH)
Jonathan Jenkins to second
Batting: RHB Jesus Chavez 0-0: Sac Bunt to P - play at first, batter OUT! 1-3
Jonathan Jenkins to third
Jeff Jank to second
Batting: SHB Jason Larson 0-0: SINGLE (Groundball, 56D, EV 103.8 MPH)
Jonathan Jenkins scores
Jeff Jank to third
Runner from 3rd tries for Home, SAFE, throw by LF to home
Jason Larson to second
Batting: SHB Scott Bartholomew 0-0: Fly out, F7 (Flyball, 78D, EV 110.0 MPH)
Batting: RHB Jeff MacPhee 0-0: Foul Ball, location: 2F
0-1: Foul Ball, location: 2F
0-2: Strikes out swinging
Bottom of the 8th over - 3 runs, 3 hits, 1 error, 1 left on base; St. Louis 3 - New York 7
TOP OF THE 9TH
St. Louis Cardinals batting - Pitching for New York Mets : LHP Xu-gang Zhou
Now in LF: Sal Fernandez
Batting: RHB Dustin Clark 0-0: Swinging Strike
0-1: Foul Ball, location: 2F
0-2: Ball
1-2: Ball
2-2: Foul Ball, location: 2F
2-2: Foul Ball, location: 2F
2-2: Foul Ball, location: 2F
2-2: Foul Ball, location: 2F
2-2: Foul Ball, location: 2F
2-2: Ball
3-2: Base on Balls
Batting: RHB Fabrice Bertin 0-0: Called Strike
0-1: Ball
1-1: Grounds into double play, 6-4-3 (Groundball, 6, EV 86.9 MPH)
Batting: RHB Terry Baginski 0-0: Swinging Strike
0-1: Swinging Strike
0-2: Foul Ball, location: 2F
0-2: Strikes out swinging
Top of the 9th over - 0 runs, 0 hits, 0 errors, 0 left on base; St. Louis 3 - New York 7
Tuesday, September 13th , 2022 - OOTP Baseball 23.7 Build 88